 Dungeon Crawl Stone Soup version 0.28.0-62-gf88900778d (webtiles) character file.

Game seed: 6923750553660504037

18359 cbfl8 the Cleaver (level 12, -7/103 HPs)
             Began as a Minotaur Fighter on July 3, 2023.
             Was the Champion of Okawaru.
             Succumbed to a green ugly thing's poison
             ... on level 13 of the Dungeon.
             The game lasted 00:23:44 (17231 turns).

cbfl8 the Cleaver (Minotaur Fighter)               Turns: 17231, Time: 00:23:45

Health: -7/103     AC: 14    Str: 21    XL:     12   Next: 27%
Magic:  15/15      EV:  9    Int:  5    God:    Okawaru [******]
Gold:   61         SH: 17    Dex: 21    Spells: 11/11 levels left

rFire   + . .      SeeInvis .   i - +1 hand axe (venom)
rCold   + + .      Faith    .   D - +0 kite shield
rNeg    + . .      Spirit   .   y - +0 plate armour
rPois   .          Reflect  +   (helmet restricted)
rElec   +          Harm     .   z - scarf {rC+ rF+}
rCorr   .          Rampage  .   (no gloves)
Will    .....                   (no boots)
Stlth   ..........              b - amulet of Puthrain {Reflect Fly rElec rC+ Regen+ SH+5}
HPRegen 1.07/turn               x - ring of positive energy
MPRegen 0.14/turn               B - +6 ring of dexterity

@: lethally poisoned (-7 -> -40), flying
A: horns 2, retaliatory headbutt
a: Renounce Religion, Heroism, Finesse, Duel


You were on level 13 of the Dungeon.
You worshipped Okawaru.
Okawaru was exalted by your worship.
You visited 2 branches of the dungeon, and saw 15 of its levels.
You also visited: Ossuary.

You collected 869 gold pieces.
You spent 808 gold pieces at shops.

Inventory:

Hand Weapons
 a - a +0 war axe
 i - a +1 hand axe of venom (weapon)
Armour
 y - a +0 plate armour (worn)
 z - a scarf of resistance (worn)
 D - a +0 kite shield (worn)
Jewellery
 b - the amulet of Puthrain (around neck) {Reflect Fly rElec rC+ Regen+ SH+5}
   (You acquired it on level 6 of the Dungeon)

   [amulet of reflection]

   It reflects blocked missile attacks.
   rC:        It protects you from cold.
   rElec:     It insulates you from electricity.
   Fly:       It grants you flight.
   Regen:     It increases your rate of health regeneration.
   SH:        It affects your SH (+5).
 h - a ring of fire
 x - a ring of positive energy (left hand)
 B - a +6 ring of dexterity (right hand)
Wands
 o - a wand of flame (1)
 H - a wand of polymorph (2) (quivered)
Scrolls
 c - 4 scrolls of magic mapping
 e - a scroll of fear
 f - 2 scrolls of enchant weapon
 g - 6 scrolls of blinking
 q - 3 scrolls of enchant armour
 r - a scroll of fog
 u - a scroll of silence
 A - a scroll of noise
 E - 5 scrolls of teleportation
Potions
 d - a potion of ambrosia
 j - 3 potions of haste
 l - 3 potions of mutation
 n - 2 potions of invisibility
 p - a potion of resistance
 v - a potion of berserk rage {unknown}
 w - 2 potions of brilliance {unknown}
 C - 2 potions of flight {unknown}
 G - a potion of might


   Skills:
 + Level 8.9 Fighting
 * Level 13.2 Axes
 + Level 10.4 Armour
 * Level 6.5 Dodging
 + Level 2.3 Stealth
 + Level 8.8 Shields
 * Level 5.8 Invocations
 * Level 7.3 Evocations


You had 11 spell levels left.
You didn't know any spells.
Your spell library contained the following spells:

 Spells                   Type           Power      Damage    Failure   Level
 Foxfire                  Conj/Fire      0%         2x1d4     100%        1
 Shock                    Conj/Air       0%         1d3       100%        1
 Corpse Rot               Necr/Air       0%         N/A       100%        2
 Poisonous Vapours        Pois/Air       0%         N/A       100%        2
 Sublimation of Blood     Necr           0%         N/A       100%        2
 Confusing Touch          Hex            0%         N/A       100%        3
 Conjure Flame            Conj/Fire      0%         6-21      100%        3
 Dazzling Flash           Conj/Hex       0%         N/A       100%        3
 Inner Flame              Hex/Fire       0%         N/A       100%        3
 Portal Projectile        Hex/Tloc       0%         N/A       100%        3
 Swiftness                Air            0%         N/A       100%        3
 Airstrike                Air            0%         N/A       100%        4
 Flame Wave               Conj/Fire      0%         2d4       100%        4
 Leda's Liquefaction      Hex/Erth       0%         N/A       100%        4
 Passage of Golubria      Tloc           0%         N/A       100%        4
 Petrify                  Tmut/Erth      0%         N/A       100%        4
 Alistair's Intoxication  Tmut/Pois      0%         N/A       100%        5
 Irradiate                Conj/Tmut      0%         3d14      100%        5
 Silence                  Hex/Air        0%         N/A       100%        5
 Lehudib's Crystal Spear  Conj/Erth      0%         10d2      100%        8
 Call Canine Familiar     Summ           Unusable   N/A       N/A         3

Dungeon Overview and Level Annotations

Branches:
Dungeon (14/15)            Temple (1/1) D:4            Lair (0/6) D:10
    Orc (0/2) D:10        Ossuary (visited)
 Vaults: D:13-14

Altars:
Ashenzari
Cheibriados
Dithmenos
Elyvilon
Fedhas
Gozag
Hepliaklqana
Kikubaaqudgha
Makhleb
Nemelex Xobeh
Okawaru
Qazlal
Ru
Sif Muna
Trog
Uskayaw
Vehumet
Wu Jian
Xom
Yredelemnul
Zin
The Shining One

Shops:
D:3 :   D:6 *   D:10 (   D:11 *   D:13 (!*(?


Innate Abilities, Weirdness & Mutations

You have a pair of horns on your head.
You reflexively headbutt those who attack you in melee.


Message History

You block the green ugly thing's attack.
You hit the green ugly thing.
The green ugly thing is moderately wounded.
You feel very sick. The green ugly thing gores you!
You are more poisoned.
The green ugly thing poisons you!
You closely miss the green ugly thing.
You headbutt the green ugly thing, but do no damage.
The green ugly thing is moderately wounded.
You feel extremely sick.
You block the green ugly thing's attack.
You are confused.
You feel invigorated.
You feel extremely sick. The green ugly thing gores you!
You are more poisoned.
The green ugly thing poisons you!
You are too confused!
Okay, then.
You are too confused!
You feel extremely sick. The green ugly thing gores you.
You feel extremely sick. The green ugly thing gores you.
You are lethally poisoned!
The green ugly thing poisons you!
You're too confused to move!
You feel less invigorated.
You feel less confused.
* * * LOW HITPOINT WARNING * * *
You feel extremely sick.
You block the green ugly thing's attack.
* * * LOW HITPOINT WARNING * * *
You feel extremely sick. The green ugly thing gores you!
* * * LOW HITPOINT WARNING * * *
Blink to where?
Press: ? - help, Dir - move target
As you read the scroll of blinking, it crumbles to dust.
You die...

#.......# ####.#####.#
#..........# #)##.########
#.##.##.....# #.##.##.###.#
#.##.##.# #.#
##############.##....###u#
................@......ยง>#
######
###)##########.###########
#....# ##'####
#.........### #.##.#
#.....#
#########.#.###.##.#
#.....# #.#.....##.#
#.....# #.#.######.#
#.....# #.#.# #.# #.....#
#...# #.# #.....# ##### #..


There were no monsters in sight!

Vanquished Creatures
  Snorg (D:11)
  A centaur warrior (D:13)
  A catoblepas (D:13)
  2 two-headed ogres
  Erica (D:11)
  A skeletal warrior (D:11)
  2 deep elf pyromancers
  3 cyclopes
  3 ugly things
  3 centaur zombies
  An unseen horror (D:13)
  2 gargoyles
  Psyche (D:10)
  2 komodo dragons
  A kobold demonologist (D:12)
  4 trolls
  A hornet (D:10)
  3 slime creatures
  A vampire (D:12)
  4 yaks
  3 shadows
  3 wraiths
  Menkaure (D:7)
  Edmund (D:6)
  An acid dragon (D:8)
  Duvessa (D:5)
  2 water moccasins
  A sky beast (D:7)
  5 orc warriors
  An ice beast (D:7)
  A hornet zombie (D:8)
  A necrophage (D:6)
  An ogre (D:6)
  2 centaurs
  A phantom (D:5)
  2 kobold brigands
  2 gnoll sergeants
  3 bullfrogs
  A scorpion (D:6)
  Dowan (D:5)
  18 wights
  6 howler monkeys
  2 crimson imps
  3 jellies
  A hound (D:4)
  4 orc priests
  An iron imp (D:10)
  3 centaur skeletons
  5 iguanas
  7 orc wizards
  A hound zombie (D:5)
  A hound skeleton (D:4)
  14 mummies
  14 gnolls
  9 adders
  3 white imps
  An ufetubus (D:6)
  3 worms
  A dart slug (D:2)
  25 orcs
  8 ball pythons
  2 bats (D:1)
  6 endoplasms
  2 giant cockroaches (D:1)
  5 goblins
  6 hobgoblins
  16 jackals
  6 quokkas
  10 frilled lizards
  2 gnoll skeletons (Ossuary)
  A goblin skeleton (Ossuary)
  17 kobolds
  A kobold skeleton (Ossuary)
  4 orc skeletons (Ossuary)
  4 rats
  11 rat skeletons (Ossuary)
295 creatures vanquished.

Vanquished Creatures (others)
  A kobold (D:10)
  3 plants (D:10)
4 creatures vanquished.

Grand Total: 299 creatures vanquished

Notes
Turn   | Place    | Note
-------+----------+-------------------------------------------
     0 | D:1      | cbfl8 the Minotaur Fighter began the quest for the Orb.
     0 | D:1      | Reached XP level 1. HP: 19/19 MP: 0/0
   167 | D:1      | Reached XP level 2. HP: 27/27 MP: 1/1
   520 | D:1      | Got the Incunabulum of Bewitching Poisoning
   624 | D:1      | Found a faded altar of an unknown god.
   750 | D:2      | Reached skill level 3 in Axes
   827 | D:2      | Reached XP level 3. HP: 33/33 MP: 2/2
  1106 | D:1      | Reached skill level 1 in Evocations
  1144 | D:2      | Reached XP level 4. HP: 37/40 MP: 3/3
  2109 | D:3      | Found a stormy altar of Qazlal.
  2474 | D:3      | Found Ydewk's Book Shop.
  2514 | D:3      | Reached skill level 4 in Axes
  2516 | D:3      | Found a shimmering altar of Xom.
  2535 | D:3      | Reached XP level 5. HP: 37/46 MP: 4/4
  3401 | D:4      | Reached skill level 5 in Axes
  3549 | D:4      | Reached XP level 6. HP: 52/53 MP: 5/5
  3747 | D:4      | Found a staircase to the Ecumenical Temple.
  3760 | Temple   | Entered the Ecumenical Temple
  3906 | Temple   | Became a worshipper of Warmaster Okawaru
  3986 | D:4      | Reached skill level 5 in Armour
  3996 | D:4      | Found a broken altar of Ashenzari.
  4216 | D:5      | Entered Level 5 of the Dungeon
  4836 | D:5      | Reached skill level 1 in Dodging
  5048 | D:5      | Found a bloodstained altar of Trog.
  5057 | D:5      | Reached XP level 7. HP: 47/60 MP: 6/6
  5060 | D:5      | Reached skill level 6 in Axes
  5187 | D:5      | Noticed Duvessa
  5190 | D:5      | Noticed Dowan
  5197 | D:5      | Killed Duvessa
  5202 | D:5      | Killed Dowan
  5605 | D:5      | Reached * piety under Okawaru
  5753 | D:5      | Found a faded altar of an unknown god.
  5753 | D:5      | Found a faded altar of an unknown god.
  5755 | D:5      | Found a hazy altar of Hepliaklqana.
  6381 | D:6      | Reached skill level 5 in Fighting
  6381 | D:6      | Reached XP level 8. HP: 68/68 MP: 7/7
  6422 | D:6      | Found a sand-covered staircase.
  6437 | Ossuary  | Entered an ossuary
  6623 | Ossuary  | Reached skill level 7 in Axes
  7399 | Ossuary  | Identified a scroll of acquirement
  7442 | D:6      | Acquired the amulet of Puthrain {Reflect Fly rElec rC+
                  | Regen+ SH+5}
  7581 | D:6      | Found Pecleuc's Neck Hole.
  7798 | D:6      | Noticed Edmund
  7812 | D:6      | Killed Edmund
  8134 | D:6      | Reached skill level 8 in Axes
  8143 | D:6      | Reached ** piety under Okawaru
  8144 | D:6      | Reached skill level 5 in Shields
  8144 | D:6      | Reached XP level 9. HP: 46/77 MP: 8/8
  8319 | D:6      | Found a radiant altar of Vehumet.
  8319 | D:6      | Found a burning altar of Makhleb.
  8414 | D:7      | Noticed Menkaure
  8419 | D:7      | Killed Menkaure
  8473 | D:7      | Reached skill level 5 in Evocations
  8688 | D:7      | Found a hide-covered altar of Uskayaw.
  9025 | D:7      | Found a sacrificial altar of Ru.
  9188 | D:8      | Reached skill level 9 in Axes
  9361 | D:8      | Identified the +0 leather armour "Suejily" {rF+}
  9658 | D:8      | Reached skill level 1 in Invocations
  9667 | D:8      | Reached *** piety under Okawaru
 10294 | D:8      | Noticed a deep elf pyromancer
 10302 | D:8      | Killed a deep elf pyromancer
 10755 | D:8      | Reached **** piety under Okawaru
 10756 | D:8      | Reached skill level 1 in Stealth
 10791 | D:8      | Reached XP level 10. HP: 77/80 MP: 10/10
 10914 | D:8      | Reached skill level 10 in Axes
 11044 | D:8      | Found a basalt altar of Yredelemnul.
 12102 | D:10     | Entered Level 10 of the Dungeon
 12574 | D:10     | Found a snail-covered altar of Cheibriados.
 12602 | D:10     | Found Ulumetit's Weapon Emporium.
 12602 | D:10     | Found a staircase to the Orcish Mines.
 12602 | D:10     | Found Zijauvej's Armour Emporium.
 12608 | D:10     | Noticed a two-headed ogre
 12620 | D:11     | Reached skill level 11 in Axes
 12620 | D:11     | Noticed a cyclops
 12633 | D:11     | Killed a cyclops
 12633 | D:11     | Reached ***** piety under Okawaru
 12964 | D:10     | Killed a two-headed ogre
 13093 | D:10     | Found an ornate altar of the Wu Jian Council.
 13093 | D:10     | Found a glowing silver altar of Zin.
 13117 | D:10     | Noticed Psyche
 13131 | D:10     | Found a staircase to the Lair.
 13135 | D:10     | Killed Psyche
 13136 | D:10     | Reached XP level 11. HP: 63/94 MP: 9/12
 13226 | D:10     | Noticed Snorg
 13277 | D:11     | Killed Snorg
 13503 | D:10     | Reached skill level 12 in Axes
 13663 | D:11     | Noticed Erica
 13677 | D:11     | Killed Erica
 13678 | D:11     | Reached skill level 5 in Dodging
 13966 | D:11     | Received a gift from Okawaru
 14143 | D:11     | Found Dyrot's Assorted Antiques.
 14146 | D:11     | Bought 2 scrolls of identify for 128 gold pieces
 14146 | D:11     | Bought a scroll of blinking for 240 gold pieces
 14146 | D:11     | Bought a scroll of teleportation for 96 gold pieces
 14252 | D:11     | Noticed a skeletal warrior
 14375 | D:11     | You are sucked into a shaft and drop 1 floor!
 14455 | D:13     | Noticed a brown ugly thing
 14471 | D:13     | Killed a brown ugly thing
 14494 | D:13     | Found Gegh's Weapon Shoppe.
 14499 | D:13     | Found Kacobb's General Store.
 14503 | D:13     | Found Orydan's Distillery.
 14508 | D:13     | Found Byxto's Antique Weapon Shoppe.
 14510 | D:13     | Bought a scroll of teleportation for 54 gold pieces
 14510 | D:13     | Bought a scroll of identify for 36 gold pieces
 14510 | D:13     | Bought a scroll of identify for 36 gold pieces
 14510 | D:13     | Bought a potion of heal wounds for 90 gold pieces
 14551 | D:13     | Noticed a catoblepas
 14619 | D:13     | Killed a catoblepas
 14838 | D:13     | Noticed a white ugly thing
 14858 | D:13     | Killed a red ugly thing
 14858 | D:13     | Reached ****** piety under Okawaru
 14984 | D:13     | Found Keitaaca's Magic Scroll Boutique.
 14990 | D:13     | Noticed a centaur warrior
 15002 | D:13     | Killed a centaur warrior
 15002 | D:13     | Identified the +5 long sword of Honour {vorpal, rN+ Int+4}
                  | (Okawaru gifted it to you on level 13 of the Dungeon)
 15002 | D:13     | Received a gift from Okawaru
 15343 | D:13     | Noticed a two-headed ogre
 15343 | D:13     | Noticed a deep elf pyromancer
 15377 | D:13     | Identified the +8 spear of Prudence {speed, Contam *Noise
                  | rN+++ rCorr}
 15449 | D:12     | Reached skill level 10 in Armour
 15449 | D:12     | Reached skill level 5 in Invocations
 15613 | D:12     | Noticed a purple ugly thing
 15638 | D:12     | Killed a purple ugly thing
 15818 | D:11     | Killed a skeletal warrior
 15819 | D:11     | Reached XP level 12. HP: 39/103 MP: 8/15
 16147 | D:12     | Found a shadowy altar of Dithmenos.
 16405 | D:12     | Reached skill level 13 in Axes
 16643 | D:13     | Bought a scroll of teleportation for 48 gold pieces
 16643 | D:13     | Bought a scroll of teleportation for 48 gold pieces
 16643 | D:13     | Bought a scroll of identify for 32 gold pieces
 17126 | D:13     | Killed a two-headed ogre
 17230 | D:13     | HP: 1/103 [green ugly thing (8)]
 17231 | D:13     | Succumbed to a green ugly thing's poison

Illustrated notes

Levels and vault maps discovered:
D:1:      lemuel_arrival_behind_the_door_small, layout_rooms,
          dreamdust_ecumenical_altar_angels_and_demons,
          hangedman_decor_peaks_small, minmay_box_of_dots
D:2:      layout_basic
D:3:      layout_loops_cross, nicolae_qazlal_general_emergency,
          mainiacjoe_overflow_surrounded_room, serial_shops, nicolae_shop_trees
D:4:      layout_loops_ring, mainiacjoe_overflow_cross_hatched,
          minmay_temple_entry_mini_moons
D:5:      layout_basic, mainiacjoe_overflow_six_doors_small,
          nicolae_hepliaklqana_ecumenical_no_more, small_statue_intersection,
          minmay_crossroads, uniq_duvessa
D:6:      layout_rooms, grunt_temple_overflow_lords_of_destruction,
          gup_ossuary_entry_pyramid, nicolae_shop_sticking_my_neck_out,
          uniq_edmund
D:7:      layout_loops_ring, nicolae_ru_path_of_blood,
          eat_drink_and_be_merry_uskayaw, uniq_menkaure
D:8:      layout_loops_ring, mainiacjoe_overflow_alcove_4,
          minmay_fractal_squares_5
D:9:      layout_basic
D:10:     layout_loops_ring, slow_altar_1,
          chequers_temple_overflow_statue_of_worship, lair_entry_dummy,
          orc_david_3, nicolae_zen_rock_garden, uniq_psyche, uniq_snorg
D:11:     layout_loops_ring, serial_shops, kennysheep_mini,
          minmay_fire_ice_demons, uniq_erica
D:12:     layout_basic, nicolae_dithmenos_the_darkroom
D:13:     layout_basic, serial_shops, shop_fountains, minmay_shop_grid_forest
D:14:     layout_basic, lightli_vaults_fourway_checkpoint,
          minmay_misc_feat_plants, hangedman_decor_clover_reticule
Temple:   nicolae_temple_figure_zero

Skill      XL: |  1  2  3  4  5  6  7  8  9 10 11 12 |
---------------+-------------------------------------+-----
Fighting       | 4 5 6 7 8 |  8.9
Axes           | 3 4 5 6 8 9 11 12 13 | 13.2
Evocations     | 1 2 3 4 5 6 7 |  7.3
Shields        | 4 5 6 8 |  8.8
Armour         | 4 5 6 7 8 9 10 | 10.4
Dodging        | 1 3 4 6 |  6.5
Invocations    | 2 3 5 |  5.8
Stealth        | 1 2 |  2.3

Action                   |  1- 3 |  4- 6 |  7- 9 | 10-12 || total
-------------------------+-------+-------+-------+-------++-------
Melee: War axe           |    71 |    68 |       |       ||   139
       Headbutt          |     7 |    25 |    89 |   173 ||   294
       Hand axe          |       |    99 |   386 |   609 ||  1094
Invok: Heroism           |       |       |     2 |     6 ||     8
       Finesse           |       |       |       |     1 ||     1
Evoke: Wand              |       |       |       |    26 ||    26
  Use: Scroll            |     2 |     3 |    11 |    13 ||    29
       Potion            |       |       |     3 |     8 ||    11
 Stab: Confused          |       |       |       |     1 ||     1
       Paralysed         |       |       |       |     7 ||     7
Armor: Scale mail        |    60 |    60 |    18 |       ||   138
       Chain mail        |       |       |    51 |       ||    51
       Plate armour      |       |       |    47 |   168 ||   215
Dodge: Dodged            |    50 |    67 |    89 |    85 ||   291
Block: Buckler           |    19 |    35 |   146 |    77 ||   277
       Reflection        |       |       |     1 |    13 ||    14
       Kite shield       |       |       |       |   253 ||   253
